[Event "Titled Tuesday Blitz November 08 Late 2022"]
[White "Crevatin, Leo"]
[Black "Polster, Christian"]
[WhiteFideId "1726307"]
[BlackFideId "12965081"]
[WhiteElo "2208"]
[BlackElo "2209"]
[Result "0-1"]
[Round "03"]
[TimeControl "180+1"]
[Date "2022.11.09"]
[WhiteClock "0:00:03"]
[BlackClock "0:00:08"]

1. e4 c5 2. Nf3 d6 3. d4 cxd4 4. Nxd4 Nf6 5. Nc3 a6 6. Bg5 e6 7. f3 Be7 8. Qd2 b5 9. h4 Bb7 10. O-O-O Nbd7 11. a3 Rc8 12. Kb1 Ne5 13. g4 Nc4 14. Bxc4 bxc4 15. h5 h6 16. Be3 Nd7 17. f4 Nc5 18. Rhe1 Nxe4 19. Nxe4 Bxe4 20. Bg1 c3 21. Qe2 Qb6 22. b3 d5 23. Rd3 Bxd3 24. Qxd3 Bc5 25. f5 O-O 26. f6 gxf6 27. Rf1 Kg7 28. Be3 Rh8 29. Qd1 a5 30. a4 Qb4 31. Rf3 Bxd4 32. Bxd4 e5 33. Qf1 Qxd4 34. Rxf6 Rc7 35. g5 hxg5 36. Ra6 Rh6 37. Rxa5 Rb6 38. Ra8 Rxb3+ 39. cxb3 c2+ 40. Kc1 Qa1+ 0-1


[Site "https://www.chess.com"]

[Event "Titled Tuesday Blitz November 08 Late 2022"]
[White "Danielyan, Vahe"]
[Black "Dzierzak, Radoslaw"]
[WhiteFideId "13304828"]
[BlackFideId "1161407"]
[WhiteElo "2602"]
[BlackElo "2422"]
[Result "0-1"]
[Round "03"]
[TimeControl "180+1"]
[Date "2022.11.09"]
[WhiteClock "0:01:19"]
[BlackClock "0:00:26"]

1. c4 Nf6 2. Nc3 e6 3. e4 e5 4. Nf3 Nc6 5. Be2 Bc5 6. Nxe5 Nxe5 7. d4 Bb4 8. dxe5 Nxe4 9. Qd4 Nxc3 10. bxc3 Be7 11. Qg4 g6 12. Bh6 d6 13. Qg3 Be6 14. Rd1 Qd7 15. O-O O-O-O 16. c5 Qc6 17. cxd6 cxd6 18. Bf3 Qc7 19. Rb1 b6 20. a4 dxe5 21. a5 f5 22. axb6 axb6 23. Be2 Bc5 24. Ba6+ Kb8 25. Bg7 f4 26. Qg5 Qxg7 27. Rfe1 Bf5 28. Ra1 Be7 29. Qxe7 Qxe7 30. Be2 Bd3 31. Bf3 e4 32. Rac1 Rhe8 0-1


[Site "https://www.chess.com"]

[Event "Titled Tuesday Blitz November 08 Late 2022"]
[White "Darini, Pouria"]
[Black "Jones, Gawain C B"]
[WhiteFideId "12502200"]
[BlackFideId "409561"]
[WhiteElo "2483"]
[BlackElo "2657"]
[Result "0-1"]
[Round "03"]
[TimeControl "180+1"]
[Date "2022.11.08"]
[WhiteClock "0:00:04"]
[BlackClock "0:00:27"]

1. e4 e5 2. Nf3 Nc6 3. Bb5 a6 4. Ba4 Nf6 5. d3 d6 6. O-O g6 7. c4 Bg7 8. Nc3 O-O 9. h3 Nd7 10. Be3 Nd4 11. Bxd4 exd4 12. Ne2 Nc5 13. Nexd4 Nxa4 14. Qxa4 c5 15. Nc2 b5 16. Qa3 Qf6 17. Ne3 b4 18. Qa4 Qxb2 19. Rab1 Qf6 20. Nd5 Qd8 21. a3 Bd7 22. Qb3 a5 23. a4 f5 24. Rfe1 fxe4 25. dxe4 Kh8 26. e5 dxe5 27. Nxe5 Bf5 28. Rbd1 Qg5 29. f4 Qh4 30. Qe3 Bc2 31. Rc1 Bxa4 32. Qxc5 Rxf4 33. Nxf4 Qxf4 34. Re2 Qxc1+ 35. Kh2 Qf4+ 36. g3 Qf5 37. Qd5 Rf8 38. c5 Bxe5 39. Rxe5 Qf2+ 40. Kh1 Qf1+ 41. Kh2 Rf2+ 0-1


[Site "https://www.chess.com"]

[Event "Titled Tuesday Blitz November 08 Late 2022"]
[White "De Souza, Cristiano Gomes"]
[Black "Piesik, Piotr"]
[WhiteFideId "2151758"]
[BlackFideId "1136194"]
[WhiteElo "2275"]
[BlackElo "2723"]
[Result "0-1"]
[Round "03"]
[TimeControl "180+1"]
[Date "2022.11.09"]
[WhiteClock "0:02:11"]
[BlackClock "0:02:11"]

1. d4 c5 2. d5 e5 3. c4 d6 4. Nc3 Be7 5. e4 Bg5 6. Nf3 Bxc1 7. Rxc1 Ne7 8. Be2 O-O 9. O-O Ng6 10. g3 Bh3 11. Re1 Nd7 12. Bf1 Bxf1 13. Rxf1 h6 14. Kg2 Ne7 15. Ne1 f5 16. f4 exf4 17. Rxf4 Ne5 18. b3 Qd7 19. Nd3 N7g6 20. Rf2 fxe4 21. Nxe4 Rxf2+ 22. Nexf2 Rf8 23. Qe2 Qf5 24. Re1 Qg5 25. Nxe5 Nf4+ 26. Kh1 Nxe2 27. Rxe2 dxe5 28. Kg2 Qf5 0-1


[Site "https://www.chess.com"]

[Event "Titled Tuesday Blitz November 08 Late 2022"]
[White "Deac, Bogdan-Daniel"]
[Black "Romanchuk, Viktor"]
[WhiteFideId "1226380"]
[BlackFideId "14109271"]
[WhiteElo "3000"]
[BlackElo "2630"]
[Result "1-0"]
[Round "03"]
[TimeControl "180+1"]
[Date "2022.11.09"]
[WhiteClock "0:00:03"]
[BlackClock "0:00:01"]

1. Nf3 d5 2. e3 c6 3. c4 Nf6 4. Nc3 e6 5. d4 Nbd7 6. Be2 Bd6 7. O-O O-O 8. b3 b6 9. Bb2 Bb7 10. Qc2 Qe7 11. Rad1 Rad8 12. Rfe1 Rfe8 13. g3 h6 14. Bf1 Bb4 15. Bg2 Ne4 16. Nxe4 Bxe1 17. Rxe1 dxe4 18. Qxe4 Nf6 19. Qc2 c5 20. e4 cxd4 21. Nxd4 Qc5 22. Nf3 Rd7 23. Ne5 Rdd8 24. Bc3 Nd7 25. Nd3 Qc7 26. h4 Nc5 27. Nf4 Rd7 28. b4 Na6 29. Bf1 Nb8 30. Qb2 f6 31. Qb3 Nc6 32. c5 Nd8 33. Bh3 Rde7 34. e5 fxe5 35. Bxe5 Qc6 36. Bg2 Qc8 37. Bd6 Rf7 38. Qe3 Bxg2 39. Kxg2 bxc5 40. bxc5 e5 41. Nd3 Qc6+ 42. Qe4 Qxe4+ 43. Rxe4 Nb7 44. Nxe5 Nxd6 45. cxd6 Rf5 46. d7 Rd8 47. f4 1-0


[Site "https://www.chess.com"]

[Event "Titled Tuesday Blitz November 08 Late 2022"]
[White "Dudzinski, Pawel"]
[Black "O`Gorman, Tom"]
[WhiteFideId "1117890"]
[BlackFideId "2508249"]
[WhiteElo "2428"]
[BlackElo "2605"]
[Result "1-0"]
[Round "03"]
[TimeControl "180+1"]
[Date "2022.11.09"]
[WhiteClock "0:00:15"]
[BlackClock "0:00:14"]

1. e4 c5 2. Nc3 d6 3. g3 g6 4. Bg2 Bg7 5. d3 Nc6 6. Be3 h5 7. h3 e5 8. Qd2 Be6 9. f4 f6 10. Nge2 Nge7 11. O-O Qd7 12. Kh2 O-O-O 13. Nd5 Kb8 14. b4 Bxd5 15. exd5 Nxb4 16. Rab1 Nbxd5 17. c4 Nxe3 18. Qxe3 Nc6 19. fxe5 fxe5 20. Qg5 Rhg8 21. Bd5 Rgf8 22. Qxg6 h4 23. Bxc6 Qxc6 24. Qxg7 Rg8 25. Qf7 hxg3+ 26. Nxg3 b6 27. Qd5 Qa4 28. Rb2 Rg7 29. Rbf2 Qd7 30. Rf7 Rxf7 31. Rxf7 Qc8 32. Nf5 Rh8 33. Qxd6+ Ka8 34. Qd5+ Kb8 35. Qxe5+ Ka8 36. Qg3 a5 37. Nd6 Qc6 38. Qg2 Qxg2+ 39. Kxg2 Rh6 40. Nb5 Rg6+ 41. Kh2 1-0


[Site "https://www.chess.com"]

[Event "Titled Tuesday Blitz November 08 Late 2022"]
[White "Faizrakhmanov, Ramil"]
[Black "Yi, Richard"]
[WhiteFideId "24103209"]
[BlackFideId "2079518"]
[WhiteElo "2841"]
[BlackElo "2522"]
[Result "1-0"]
[Round "03"]
[TimeControl "180+1"]
[Date "2022.11.09"]
[WhiteClock "0:02:21"]
[BlackClock "0:01:03"]

1. d4 d5 2. c4 c6 3. Nc3 Nf6 4. e3 e6 5. Nf3 Nbd7 6. Be2 Bd6 7. O-O O-O 8. b3 Qe7 9. Bb2 b6 10. Qc2 Bb7 11. Rfe1 c5 12. cxd5 Nxd5 13. Nxd5 Bxd5 14. e4 Bb7 15. d5 e5 16. Nd2 g6 17. a4 a6 18. Nc4 Rae8 19. Bg4 Nf6 20. Bh3 Qc7 21. f4 Nh5 22. fxe5 Bxe5 23. Bxe5 Qd8 24. Bd6 1-0


[Site "https://www.chess.com"]

[Event "Titled Tuesday Blitz November 08 Late 2022"]
[White "Fajdetic, Hrvoje"]
[Black "Karas, Marek"]
[WhiteFideId "14501945"]
[BlackFideId "14928558"]
[WhiteElo "2172"]
[BlackElo "2220"]
[Result "1-0"]
[Round "03"]
[TimeControl "180+1"]
[Date "2022.11.09"]
[WhiteClock "0:00:46"]
[BlackClock "0:00:14"]

1. d4 e5 2. dxe5 Nc6 3. Nf3 f6 4. exf6 Nxf6 5. Bg5 Bc5 6. e3 d6 7. Bc4 Bg4 8. Nc3 Qd7 9. Bxf6 gxf6 10. Nd5 Rf8 11. h3 Bh5 12. g4 Bg6 13. Nh4 O-O-O 14. Nxg6 hxg6 15. Qe2 Ne5 16. Bb3 c6 17. Nf4 Rde8 18. O-O-O g5 19. Nd3 Bb6 20. Nxe5 fxe5 21. c3 Rf6 22. Bc2 Ref8 23. Bf5 Rxf5 24. gxf5 Rxf5 25. Qg4 Rxf2 26. Rxd6 Bxe3+ 27. Kb1 Qxg4 28. hxg4 Kc7 29. Re6 Bf4 30. Rh7+ Kb6 31. Ree7 Kc5 32. Rxb7 Kd5 33. Rxa7 Ke4 34. a4 Kf3 35. a5 e4 36. a6 e3 37. Rae7 e2 38. a7 Be3 39. Rxe3+ Kxe3 40. Re7+ Kd2 41. a8=Q 1-0


[Site "https://www.chess.com"]

[Event "Titled Tuesday Blitz November 08 Late 2022"]
[White "Fernandez De La Vara, Arnaldo"]
[Black "Bortnyk, Mykola"]
[WhiteFideId "3518388"]
[BlackFideId "14120836"]
[WhiteElo "2387"]
[BlackElo "2582"]
[Result "0-1"]
[Round "03"]
[TimeControl "180+1"]
[Date "2022.11.08"]
[WhiteClock "0:01:33"]
[BlackClock "0:01:31"]

1. Nf3 c5 2. c4 Nc6 3. b3 e5 4. Bb2 d6 5. Nc3 Bg4 6. e3 Nf6 7. Be2 Be7 8. d4 cxd4 9. exd4 Bxf3 10. Bxf3 Nxd4 11. Bxb7 Rb8 12. Bf3 O-O 13. O-O Qa5 14. Nd5 Nxf3+ 15. Qxf3 Nxd5 16. Qxd5 Qxd5 17. cxd5 Rb5 18. Rac1 Bg5 19. Rc7 Rxd5 20. Rxa7 Rc8 21. Rd7 h5 22. Bxe5 Rxe5 23. f4 Re7 24. Rxd6 Bf6 25. Rfd1 Rc2 26. R6d2 Re2 27. Rxe2 Rxe2 28. a4 Rb2 29. Rd3 Kh7 30. g3 Kg6 31. h3 Kf5 32. Rd5+ Ke4 33. Rb5 Kf3 0-1


[Site "https://www.chess.com"]

[Event "Titled Tuesday Blitz November 08 Late 2022"]
[White "Fernandez Guillen, Ernesto J."]
[Black "Kleiman, Jake"]
[WhiteFideId "3512428"]
[BlackFideId "2020041"]
[WhiteElo "2785"]
[BlackElo "2513"]
[Result "1-0"]
[Round "03"]
[TimeControl "180+1"]
[Date "2022.11.09"]
[WhiteClock "0:00:23"]
[BlackClock "0:00:11"]

1. e4 e5 2. Nf3 Nc6 3. d4 exd4 4. Bc4 Nf6 5. O-O d6 6. Nxd4 Be7 7. Nxc6 bxc6 8. Nc3 O-O 9. h3 Nd7 10. f4 Bf6 11. Bd2 Re8 12. Qf3 Rb8 13. b3 Nc5 14. Rae1 Rb6 15. Kh1 Ba6 16. Bxa6 Rxa6 17. a4 Rb6 18. Nd1 Bh4 19. g3 Be7 20. Nf2 Qd7 21. Rd1 Rbb8 22. Be3 d5 23. exd5 cxd5 24. Qxd5 Qxd5+ 25. Rxd5 Na6 26. Bxa7 Ra8 27. Be3 Nb4 28. Rd2 Bf6 29. Bc5 Na2 30. Bd4 Be7 31. Rfd1 Bb4 32. Rd3 Re2 33. c3 Bf8 34. Kg2 c5 35. Be3 Re8 36. Kf3 Rb2 37. Ra1 h5 38. Ne4 c4 39. bxc4 f5 40. Ng5 Rc8 41. c5 Bxc5 42. Bxc5 1-0


[Site "https://www.chess.com"]

[Event "Titled Tuesday Blitz November 08 Late 2022"]
[White "Fernandez Siles, Luis"]
[Black "Ribeiro, Matheus Mendes Domingues"]
[WhiteFideId "2209420"]
[BlackFideId "324226923"]
[WhiteElo "2186"]
[BlackElo "2098"]
[Result "0-1"]
[Round "03"]
[TimeControl "180+1"]
[Date "2022.11.09"]
[WhiteClock "0:00:15"]
[BlackClock "0:00:11"]

1. e4 c5 2. Nf3 e6 3. c3 Nc6 4. d4 cxd4 5. cxd4 d5 6. e5 Nge7 7. Bd3 Nf5 8. Bxf5 exf5 9. Nc3 Be6 10. O-O Be7 11. Ne1 O-O 12. f4 Rc8 13. Be3 Qb6 14. Rf2 Na5 15. Na4 Qb5 16. b3 Rc7 17. Rc1 Rfc8 18. Rfc2 Rxc2 19. Rxc2 Rxc2 20. Qxc2 Nc6 21. Nd3 h6 22. Nac5 b6 23. Nxe6 fxe6 24. h3 Kf7 25. g4 g6 26. Qc3 Nb4 27. Nxb4 Bxb4 28. Qc7+ Be7 29. Qxa7 Qe2 30. Bf2 fxg4 31. hxg4 Qxg4+ 32. Kf1 Qxf4 33. Qxb6 h5 34. Qb8 Qc1+ 35. Kg2 Qg5+ 36. Kf1 Qh6 0-1


[Site "https://www.chess.com"]

[Event "Titled Tuesday Blitz November 08 Late 2022"]
[White "Ferreira, Vitor Hugo Vieira"]
[Black "Holt, Conrad"]
[WhiteFideId "2119765"]
[BlackFideId "2034387"]
[WhiteElo "2526"]
[BlackElo "2870"]
[Result "0-1"]
[Round "03"]
[TimeControl "180+1"]
[Date "2022.11.09"]
[WhiteClock "0:00:11"]
[BlackClock "0:00:44"]

1. Nf3 d5 2. g3 Bg4 3. Bg2 Nd7 4. O-O e6 5. c4 dxc4 6. Qc2 c6 7. Qxc4 Bxf3 8. exf3 Ne5 9. Qe4 Nd3 10. Nc3 Nf6 11. Qe2 Bc5 12. Ne4 Nxe4 13. fxe4 O-O 14. Kh1 Qd4 15. Qe3 Qc4 16. Qe2 Rad8 17. h4 e5 18. a3 Qc2 19. f4 Bd4 20. f5 f6 21. g4 Nf4 22. Rxf4 exf4 23. g5 Be5 24. Qg4 Rd3 25. Bf3 Kh8 26. h5 fxg5 27. h6 gxh6 28. f6 Qb3 29. Kg2 Bxf6 30. Rb1 h5 31. Qxh5 g4 32. Bxg4 Rg3+ 33. Kh2 Rg8 34. Bd1 Rg2+ 35. Kh1 Rg1+ 36. Kh2 R8g2# 0-1


[Site "https://www.chess.com"]

[Event "Titled Tuesday Blitz November 08 Late 2022"]
[White "Ferriz Barrios, Andres"]
[Black "Mekhane, Adam"]
[WhiteFideId "5104467"]
[BlackFideId "36050601"]
[WhiteElo "2257"]
[BlackElo "2177"]
[Result "1-0"]
[Round "03"]
[TimeControl "180+1"]
[Date "2022.11.09"]
[WhiteClock "0:01:55"]
[BlackClock "0:00:05"]

1. d4 Nf6 2. Nf3 d5 3. e3 c5 4. c3 Nc6 5. Nbd2 Qc7 6. Bd3 e5 7. dxe5 Nxe5 8. Nxe5 Qxe5 9. Nf3 Qc7 10. O-O Bd6 11. Re1 O-O 12. e4 dxe4 13. Bxe4 Nxe4 14. Rxe4 Bf5 15. Re1 Rad8 16. Qa4 a6 17. Bg5 f6 18. Bh4 b5 19. Qxa6 Bd3 20. Qa3 c4 21. b4 cxb3 22. Qxb3+ Bc4 23. Qb2 Rfe8 24. Bg3 Bxg3 25. hxg3 Rxe1+ 26. Rxe1 Ra8 27. a3 h6 28. Nd4 Qc5 29. Qb4 Qxb4 30. axb4 Ra3 31. Re3 Kf7 32. Nf5 Ra6 33. g4 Be6 34. Nd4 Bc4 35. f4 Ra1+ 36. Kh2 Ra2 37. f5 1-0


[Site "https://www.chess.com"]

[Event "Titled Tuesday Blitz November 08 Late 2022"]
[White "Fier, Alexandr"]
[Black "Firouzja, Alireza"]
[WhiteFideId "2107139"]
[BlackFideId "12573981"]
[WhiteElo "2617"]
[BlackElo "2903"]
[Result "1-0"]
[Round "03"]
[TimeControl "180+1"]
[Date "2022.11.08"]
[WhiteClock "0:01:29"]
[BlackClock "0:00:20"]

1. c4 e5 2. Nc3 d6 3. g3 f5 4. d4 e4 5. h4 Be7 6. Nh3 Nf6 7. Nf4 O-O 8. d5 Na6 9. Bh3 c6 10. Be3 Bd7 11. Qd2 Rc8 12. Rd1 Qe8 13. Bxa7 c5 14. Bb6 Ng4 15. Bxg4 fxg4 16. Nxe4 Bf5 17. Ng5 Bxg5 18. hxg5 Nb4 19. Ne6 Be4 20. Rh4 Qg6 21. Kf1 Rf7 22. Kg1 Bf5 23. a3 Nc2 24. Rc1 Re8 25. Nf4 Qxg5 26. Rxc2 Bxc2 27. Qxc2 Rxf4 28. Qxh7+ Kf7 29. gxf4 Qxf4 30. Qh5+ Kg8 31. Qxg4 Qc1+ 32. Kg2 Rf8 33. Qh5 Rf6 34. Qe8+ Rf8 35. Rh8+ Kxh8 36. Qxf8+ Kh7 37. Qf5+ Kh8 38. Bc7 Qxc4 39. Bxd6 Qxe2 40. Be5 1-0


[Site "https://www.chess.com"]

[Event "Titled Tuesday Blitz November 08 Late 2022"]
[White "Floresvillar Gonzalez, Luis Migu"]
[Black "Rodriguez Fontecha, Marcos"]
[WhiteFideId "5100542"]
[BlackFideId "2256576"]
[WhiteElo "2040"]
[BlackElo "2263"]
[Result "0-1"]
[Round "03"]
[TimeControl "180+1"]
[Date "2022.11.09"]
[WhiteClock "0:00:04"]
[BlackClock "0:01:35"]

1. d4 d5 2. c3 Bf5 3. Bg5 c6 4. Nd2 h6 5. Bh4 g5 6. Bg3 Nf6 7. Qb3 Qb6 8. e3 Nbd7 9. Be2 e6 10. Ngf3 Bg7 11. h3 Ne4 12. Nxe4 Bxe4 13. O-O O-O 14. Rfe1 f5 15. Nd2 f4 16. Nxe4 Qxb3 17. axb3 dxe4 18. exf4 gxf4 19. Bh4 Bf6 20. Bxf6 Nxf6 21. Bg4 Kf7 22. f3 e3 23. h4 Nxg4 24. fxg4 Rg8 25. g5 hxg5 26. hxg5 Rxg5 27. Re2 a6 28. Rf1 Rf5 29. Rf3 Rg8 30. Kf1 Ke7 31. Ke1 Rh8 32. g3 Rh1+ 33. Rf1 Rxf1+ 34. Kxf1 fxg3+ 35. Kg1 Rf2 36. Rxe3 Rxb2 37. Rxg3 Rxb3 38. Kf2 a5 39. Ke2 a4 40. Kd3 Rb2 41. Rg1 a3 42. Ra1 a2 43. c4 b5 44. Kc3 Rh2 45. cxb5 cxb5 46. Kb4 Kd6 47. Kxb5 Kd5 48. Kb4 Kxd4 49. Kb3 e5 50. Rd1+ Ke3 51. Re1+ Re2 52. Ra1 e4 53. Kc3 Kf3 54. Rf1+ Rf2 55. Re1 e3 56. Kd3 Rd2+ 57. Kc3 Rd8 58. Kb2 Ra8 59. Ka1 e2 60. Rh1 Ke3 61. Rh3+ Kd2 62. Rh2 Kd1 63. Rh1+ e1=Q 64. Rh3 Qe5+ 0-1


[Site "https://www.chess.com"]

[Event "Titled Tuesday Blitz November 08 Late 2022"]
[White "Freile Martin, Javier"]
[Black "Ghazarian, Kirk"]
[WhiteFideId "3600165"]
[BlackFideId "30908604"]
[WhiteElo "2479"]
[BlackElo "2683"]
[Result "0-1"]
[Round "03"]
[TimeControl "180+1"]
[Date "2022.11.09"]
[WhiteClock "0:00:11"]
[BlackClock "0:00:12"]

1. c4 Nf6 2. Nc3 g6 3. d4 Bg7 4. e4 O-O 5. Nf3 d6 6. Be2 Nbd7 7. Be3 e5 8. d5 a5 9. Nd2 Nc5 10. O-O Ne8 11. Rb1 f5 12. f3 f4 13. Bf2 g5 14. a3 h5 15. b4 axb4 16. axb4 Nd7 17. c5 Ndf6 18. Nc4 g4 19. b5 gxf3 20. Bxf3 Ng4 21. b6 Nxf2 22. Rxf2 dxc5 23. bxc7 Nxc7 24. Bxh5 Qg5 25. Bf3 Rd8 26. Nb6 Rb8 27. Nxc8 Rdxc8 28. d6 Ne6 29. Qd5 Qg6 30. d7 Rd8 31. Rb6 Kf7 32. Bh5 Qxh5 33. Qxe6+ Kf8 34. Nd5 Qf7 35. Qd6+ Kg8 36. Ne7+ Kh8 37. Rb3 Qxb3 38. g3 Qb1+ 39. Kg2 Qxe4+ 40. Kh3 Qh7+ 41. Kg2 Qe4+ 42. Kg1 Ra8 43. Rf1 Qd4+ 44. Qxd4 cxd4 45. gxf4 Rxd7 46. Ng6+ Kh7 47. f5 Bf6 48. Rf3 Kg7 49. Rg3 Ra1+ 50. Kg2 Ra2+ 51. Kh3 Kf7 52. Kg4 d3 53. Rh3 Ra4+ 54. Kf3 e4+ 55. Ke3 Bg5+ 56. Kf2 e3+ 57. Kf3 e2 58. Rh7+ Kf6 59. Rxd7 e1=Q 60. Rd6+ Kxf5 61. Rd5+ Kxg6 62. Rxd3 Rf4+ 63. Kg2 Qf1+ 64. Kg3 Qxd3+ 65. Kg2 Qf3+ 66. Kg1 Qf1# 0-1


[Site "https://www.chess.com"]

[Event "Titled Tuesday Blitz November 08 Late 2022"]
[White "Gareyev, Timur"]
[Black "Oglaza, Oskar"]
[WhiteFideId "14200937"]
[BlackFideId "1194402"]
[WhiteElo "2552"]
[BlackElo "2204"]
[Result "1-0"]
[Round "03"]
[TimeControl "180+1"]
[Date "2022.11.08"]
[WhiteClock "0:01:14"]
[BlackClock "0:00:05"]

1. d4 Nf6 2. c4 c5 3. d5 b5 4. cxb5 a6 5. b6 Qxb6 6. Nc3 g6 7. e4 d6 8. Nf3 Bg7 9. Be2 O-O 10. Nd2 Nbd7 11. Nc4 Qc7 12. Bf4 Bb7 13. O-O Nb6 14. Ne3 Rad8 15. a4 Nfd7 16. h4 Ne5 17. h5 c4 18. a5 Nbd7 19. Ra4 Nc5 20. Bxe5 Bxe5 21. Rxc4 Qxa5 22. b4 Qa3 23. Nb1 Qa2 24. bxc5 1-0


[Site "https://www.chess.com"]

[Event "Titled Tuesday Blitz November 08 Late 2022"]
[White "Goncalves, Davi Sulzbacher"]
[Black "Kanakaris, Georgios"]
[WhiteFideId "2154510"]
[BlackFideId "4209460"]
[WhiteElo "2460"]
[BlackElo "2641"]
[Result "0-1"]
[Round "03"]
[TimeControl "180+1"]
[Date "2022.11.09"]
[WhiteClock "0:00:03"]
[BlackClock "0:00:19"]

1. Nf3 Nf6 2. g3 g6 3. Bg2 Bg7 4. O-O O-O 5. d4 d6 6. c4 Nc6 7. Nc3 Bg4 8. Nd5 Nxd5 9. cxd5 Bxf3 10. dxc6 Bxg2 11. Kxg2 bxc6 12. Be3 Qd7 13. Qa4 Rfb8 14. Rfc1 Rxb2 15. Qxc6 Qxc6+ 16. Rxc6 Rxe2 17. Rxc7 Bf6 18. Rac1 Kg7 19. g4 h6 20. R1c2 Rxc2 21. Rxc2 a5 22. Rc7 a4 23. Kf3 Rb8 24. Ra7 Rb4 25. Ke4 Bxd4 26. Bxd4+ e5 27. Ke3 Rxd4 28. h3 Kf6 29. Rd7 Ke6 30. Ra7 f5 31. Rh7 fxg4 32. Rxh6 gxh3 33. Rxg6+ Kd5 34. Rh6 Kc4 35. Ke2 Kc3 36. Rxh3+ Kb2 37. a3 e4 38. Re3 d5 39. f3 exf3+ 40. Rxf3 Rc4 41. Rd3 d4 42. Kd2 Kb1 43. Kd1 Rc1+ 44. Kd2 Rc4 45. Kd1 Ka2 46. Kd2 Kb2 47. Kd1 Rc3 48. Rxd4 Kxa3 49. Kd2 Rc7 50. Rh4 Kb3 51. Rh3+ Kb2 52. Rh8 Rb7 53. Rc8 a3 54. Rc2+ Kb3 55. Kc1 a2 56. Rb2+ Ka3 57. Rxb7 a1=Q+ 58. Kc2 Qd4 59. Rb3+ Ka4 60. Rd3 Qe4 61. Kc3 Kb5 62. Rd4 Qe3+ 63. Rd3 Qe2 64. Kd4 Kb4 65. Re3 Qc4+ 66. Ke5 Kc5 67. Re4 Qd5+ 68. Kf4 Kd6 69. Ke3 Qb3+ 70. Kf4 Qd3 71. Re3 Qd2 72. Ke4 Qd5+ 73. Kf4 Qd4+ 74. Kf3 Kd5 75. Ke2 Qg4+ 76. Kd3 Qc4+ 77. Kd2 Kd4 78. Rf3 Qa2+ 79. Ke1 Qg2 80. Rf2 Qg3 81. Ke2 Qe3+ 82. Kf1 Qd3+ 83. Re2 Qb5 84. Kf2 Kd3 85. Re3+ Kd2 86. Re4 Qf5+ 0-1


[Site "https://www.chess.com"]

[Event "Titled Tuesday Blitz November 08 Late 2022"]
[White "Gonzalez, Francisco Silva"]
[Black "Adewumi, Tanitoluwa"]
[WhiteFideId "1512285"]
[BlackFideId "30966396"]
[WhiteElo "2159"]
[BlackElo "2548"]
[Result "0-1"]
[Round "03"]
[TimeControl "180+1"]
[Date "2022.11.09"]
[WhiteClock "0:01:29"]
[BlackClock "0:00:51"]

1. d4 Nf6 2. c4 e6 3. Nc3 Bb4 4. a3 Bxc3+ 5. bxc3 Nc6 6. e3 b6 7. Bd3 Bb7 8. e4 Na5 9. Qe2 Nb3 10. Rb1 Nxc1 11. Rxc1 d6 12. Nf3 O-O 13. O-O Nd7 14. Nd2 c5 15. f4 e5 16. fxe5 cxd4 17. cxd4 dxe5 18. d5 Qe7 19. Rc3 Nc5 20. Nf3 f5 21. exf5 e4 22. Rfc1 Nxd3 23. Rxd3 Qc5+ 24. Re3 exf3 25. Qxf3 Rxf5 26. Qe2 Re8 27. Rc3 Rfe5 28. Kf2 Qd4 29. g3 b5 30. cxb5 Bxd5 31. Rd3 Rf8+ 32. Ke1 Rxe3 33. Rxd4 Rxe2+ 34. Kxe2 Be6 35. Rd6 Bc4+ 36. Ke3 Bxb5 37. a4 Bxa4 38. Ra6 Bb3 39. Rxa7 Bf7 40. Kf4 g6 41. Kg5 Kg7 42. g4 h6+ 43. Kh4 g5+ 44. Kg3 Re8 45. Kf3 Kf6 46. Ra6+ Be6 47. Ke4 Rb8 48. Kf3 Rb3+ 49. Kg2 Rc3 50. h3 Ke5 51. Ra4 Bd5+ 52. Kh2 Rc2+ 53. Kg1 Rg2+ 54. Kf1 Rg3 55. h4 gxh4 56. Kf2 Rg2+ 57. Kf1 h3 58. Ra3 h2 59. Rg3 Rxg3 60. Kf2 h1=Q 61. g5 hxg5 0-1


[Site "https://www.chess.com"]

[Event "Titled Tuesday Blitz November 08 Late 2022"]
[White "Gritsenko, Nikolai"]
[Black "Martinez Alcantara, Jose Eduardo"]
[WhiteFideId "14112493"]
[BlackFideId "3805662"]
[WhiteElo "2672"]
[BlackElo "3019"]
[Result "0-1"]
[Round "03"]
[TimeControl "180+1"]
[Date "2022.11.09"]
[WhiteClock "0:00:04"]
[BlackClock "0:00:22"]

1. e4 c5 2. Nf3 d6 3. Bb5+ Bd7 4. c4 Nf6 5. Nc3 a6 6. Bxd7+ Nbxd7 7. d3 g6 8. O-O Bg7 9. h3 Rb8 10. Be3 b5 11. b3 O-O 12. Rc1 e6 13. Qd2 Qe7 14. Bh6 Rfc8 15. Rfe1 Rd8 16. Rf1 Qf8 17. Bxg7 Kxg7 18. Rce1 Qe7 19. Nh2 Ne5 20. f4 Nc6 21. Nf3 Re8 22. e5 Nd7 23. Ne4 dxe5 24. fxe5 h6 25. h4 Rf8 26. Qf4 Rbd8 27. h5 Nb4 28. Re3 Nc2 29. Re2 Nb4 30. Re3 bxc4 31. dxc4 Nc6 32. Ng3 g5 33. Qe4 Ndb8 34. Ne2 Rd7 35. Nh2 Nd4 36. Ng3 f5 37. exf6+ Rxf6 38. Rxf6 Qxf6 39. Ng4 Qf4 40. Qg6+ Kf8 41. Qxh6+ Ke7 42. Qg7+ Kd6 43. Qe5+ Qxe5 44. Nxe5 Rh7 45. Ng4 Nd7 46. h6 Nf5 47. Ne4+ Kc6 48. Rd3 Nxh6 49. Rg3 Nf5 50. Rh3 Rg7 51. Rh8 Kc7 52. Ra8 Kb7 53. Rd8 Kb6 54. Kf2 Nd4 55. Ke3 Nc6 56. Re8 Nd4 57. Ngf6 Nxf6 58. Nxf6 Nf5+ 59. Kd3 Nd4 60. Ne4 Rd7 61. Kc3 Ne2+ 62. Kc2 Nd4+ 63. Kc3 Rc7 64. Nxg5 Rg7 65. Nxe6 Rg3+ 66. Kb2 Rxg2+ 67. Ka3 Nc2+ 68. Ka4 Nb4 69. a3 Na2 70. b4 cxb4 71. axb4 Nc3+ 72. Kb3 Ne4 73. c5+ Ka7 74. Kc4 Rc2+ 75. Kd5 Nf6+ 76. Kc6 Nxe8 77. Kd7 Nf6+ 78. Ke7 Nd5+ 79. Kd6 Nxb4 80. Nd4 Rd2 81. Ke5 Kb7 82. Ke4 Nc6 0-1


[Site "https://www.chess.com"]

[Event "Titled Tuesday Blitz November 08 Late 2022"]
[White "Grot, Blazej"]
[Black "Curtis, John"]
[WhiteFideId "21835845"]
[BlackFideId "3200256"]
[WhiteElo "1822"]
[BlackElo "2203"]
[Result "0-1"]
[Round "03"]
[TimeControl "180+1"]
[Date "2022.11.09"]
[WhiteClock "0:00:02"]
[BlackClock "0:00:13"]

1. e4 c5 2. Nc3 e6 3. g3 Nc6 4. Bg2 Nge7 5. Nge2 g6 6. d3 Bg7 7. Be3 b6 8. Qd2 d5 9. Bh6 O-O 10. h4 f6 11. h5 Bxh6 12. Qxh6 g5 13. f4 Kh8 14. exd5 Ng8 15. Qxf8 Qxf8 16. dxc6 Ba6 17. fxg5 fxg5 18. Rf1 Qg7 19. O-O-O Ne7 20. Rf2 Rf8 21. Rxf8+ Qxf8 22. Rf1 Qe8 23. c7 Qc8 24. h6 Kg8 25. Ne4 Qxc7 26. Nf6+ Kh8 27. Ne8 Qe5 28. Rf8+ Ng8 29. Nf6 Qxf6 30. Rxf6 Nxf6 31. Bf3 Ng8 32. Bg4 Bc8 33. Nc3 Nxh6 34. Bh5 g4 35. Ne4 Nf5 36. Bxg4 Kg7 37. Kd2 Bd7 38. Bxf5 exf5 39. Nd6 Kg6 40. Ke3 Kg5 41. Nf7+ Kf6 42. Nd6 Be6 43. Nb7 Bxa2 44. b3 Bb1 45. Kd2 Kg5 46. Kc1 Ba2 47. Nd6 Kg4 48. Kb2 Bxb3 49. Kxb3 h5 50. Kc4 a6 51. Kd5 a5 52. Kc6 a4 53. Kxb6 a3 54. Nf7 a2 55. Ne5+ Kxg3 56. Kxc5 a1=Q 57. d4 Qc3+ 58. Kd5 Qxc2 59. Ke6 Qe4 60. d5 Qxd5+ 61. Kxd5 h4 62. Ng6 h3 63. Kd4 h2 64. Ne5 h1=Q 65. Nd3 Qe4+ 66. Kc3 f4 67. Ne1 Qe3+ 0-1


[Site "https://www.chess.com"]

[Event "Titled Tuesday Blitz November 08 Late 2022"]
[White "Gubajdullin, Alexei"]
[Black "Makaraci, Tunahan"]
[WhiteFideId "4141202"]
[BlackFideId "6356559"]
[WhiteElo "2639"]
[BlackElo "2456"]
[Result "0-1"]
[Round "03"]
[TimeControl "180+1"]
[Date "2022.11.09"]
[WhiteClock "0:01:00"]
[BlackClock "0:01:41"]

1. d4 d5 2. Nf3 c5 3. c3 Nf6 4. Bf4 Nc6 5. e3 Qb6 6. Qb3 c4 7. Qc2 Bf5 8. Qc1 Nh5 9. Be5 f6 10. Bg3 Nxg3 11. hxg3 e5 12. dxe5 Nxe5 13. Nxe5 fxe5 14. Nd2 O-O-O 15. e4 Bxe4 16. Nxe4 dxe4 17. Bxc4 Bc5 18. Qc2 Rhf8 19. Rf1 e3 20. fxe3 Rxf1+ 21. Kxf1 Bxe3 22. Rd1 Rf8+ 23. Ke1 Bf2+ 24. Ke2 Qe3+ 0-1


[Site "https://www.chess.com"]